 Dungeon Crawl Stone Soup version 0.23-a0-169-gb21e69520c (webtiles) character file.

282 PikkenKukken the Cutter (level 6, -2/33 HPs)
             Began as a Vine Stalker Monk on Sept 12, 2018.
             Was a Follower of Uskayaw.
             Slain by a slave (5 damage)
             ... led by Pikel
             ... on level 4 of the Dungeon.
             The game lasted 00:03:51 (2850 turns).

PikkenKukken the Cutter (Vine Stalker Monk)         Turns: 2850, Time: 00:03:52

Health: -2/33      AC: 10    Str: 15    XL:     6   Next: 28%
Magic:  0/7        EV: 11    Int: 10    God:    Uskayaw [*.....]
Gold:   67         SH:  0    Dex: 17    Spells: 5/5 levels left

rFire    . . .     SeeInvis .   a - +0 short sword
rCold    . . .     Gourm    .   (no shield)
rNeg     . . .     Faith    .   e - +0 scale mail
rPois    .         Spirit   +   g - +0 helmet
rElec    .         Reflect  .   (no cloak)
rCorr    .         Harm     .   (no gloves)
MR       .....                  f - +2 pair of boots
Stlth    +.........             (no amulet)
HPRegen  0.51/turn              (no ring)
MPRegen  0.10/turn              (no ring)

@: no status effects
A: fangs 2, regeneration 1, magic shield, antimagic bite, no potion heal 3, rot
immunity
a: Stomp, Renounce Religion


You were on level 4 of the Dungeon.
You worshipped Uskayaw.
Uskayaw was noncommittal.
You were not hungry.

You visited 1 branch of the dungeon, and saw 4 of its levels.

You collected 67 gold pieces.

Inventory:

Hand Weapons
 a - a +0 short sword (weapon)
Armour
 e - a +0 scale mail (worn)
 f - a +2 pair of boots (worn)
 g - a +0 helmet (worn)
Jewellery
 k - an uncursed ring of magical power {unknown}
Scrolls
 d - a scroll of teleportation
 h - a scroll of magic mapping
 l - a scroll of identify
Potions
 b - 2 potions of haste
 i - a potion of mutation {unknown}
 j - a potion of cancellation {unknown}
 m - a potion of curing {unknown}
Comestibles
 c - 9 rations


   Skills:
 + Level 3.6 Fighting
 * Level 4.4 Short Blades
 + Level 1.9 Armour
 + Level 3.3 Dodging
 - Level 2.4 Stealth


You had 5 spell levels left.
You didn't know any spells.
Your spell library was empty.

Dungeon Overview and Level Annotations

Branches:
Dungeon (4/15)
 Temple: D:4-7

Altars:
Elyvilon
Hepliaklqana
Ru
Uskayaw
Vehumet
Xom
The Shining One

Annotations:
D:4 Pikel


Innate Abilities, Weirdness & Mutations

You have extremely sharp teeth.
Your natural rate of healing is unusually fast.
When hurt, damage is shared between your health and your magic reserves.
Your bite disrupts and absorbs the magic of your enemies.
Potions cannot restore your health.
You are immune to rotting.


Message History

Pikel is lightly wounded.
The slave hits you.
* * * LOW HITPOINT WARNING * * *
The slave hits you!
* * * LOW HITPOINT WARNING * * *
The slave closely misses you. The slave hits you but does no damage.
Pikel closely misses you.
You hit Pikel but do no damage. Your bite misses Pikel.
Pikel is lightly wounded.
The slave hits you.
* * * LOW HITPOINT WARNING * * *
The slave closely misses you. The slave hits you but does no damage.
You hit Pikel but do no damage. Your bite misses Pikel.
Pikel is lightly wounded.
Pikel hits you but does no damage.
The slave hits you but does no damage. x2
Unknown command.
You barely miss Pikel. Your bite misses Pikel.
Pikel is lightly wounded.
The slave closely misses you. The slave hits you!
You die...

..... ...... ......
...... #
......#####.#
............#
.......pp...#
#############.@p..#
#.............pK..#
#............#.####
#............#.#
#............#.#
#..........###..
#..........#####
#...............
#..........####.


You could see Pikel and 4 slaves.

Vanquished Creatures
  A centaur (D:3)
  A bullfrog (D:3)
  Jessica (D:3)
  Terence (D:2)
  3 adders
  An adder skeleton (D:4)
  2 worms
  A dart slug (D:2)
  3 leopard geckos
  An orc (D:3)
  3 giant cockroaches
  4 goblins
  4 hobgoblins
  6 jackals
  5 kobolds
  A quokka (D:2)
  6 bats
  7 frilled lizards
  A leopard gecko skeleton (D:4)
  7 rats
59 creatures vanquished.

Notes
Turn   | Place    | Note
-------+----------+-------------------------------------------
     0 | D:1      | PikkenKukken the Vine Stalker Monk began the quest for the
                  | Orb.
     0 | D:1      | Reached XP level 1. HP: 11/11 MP: 2/2
   160 | D:1      | Reached XP level 2. HP: 16/16 MP: 3/3
   393 | D:1      | Reached skill level 3 in Short Blades
   898 | D:1      | Reached XP level 3. HP: 17/19 MP: 4/4
   952 | D:2      | Noticed Terence
   969 | D:2      | Killed Terence
   969 | D:2      | Reached skill level 1 in Armour
  1186 | D:2      | Found a shimmering altar of Xom.
  1316 | D:2      | Gained mutation: Your natural rate of healing is unusually
                  | fast. [Vine Stalker growth]
  1316 | D:2      | Reached XP level 4. HP: 21/24 MP: 5/5
  1735 | D:3      | Found a hazy altar of Hepliaklqana.
  1873 | D:3      | Noticed a centaur
  1902 | D:3      | Killed a centaur
  1902 | D:3      | Reached skill level 4 in Short Blades
  1902 | D:3      | Reached XP level 5. HP: 5/28 MP: 3/6
  1974 | D:3      | Found a sacrificial altar of Ru.
  2017 | D:3      | Found a hide-covered altar of Uskayaw.
  2030 | D:3      | Became a worshipper of Uskayaw the Reveler
  2030 | D:3      | Reached * piety under Uskayaw
  2266 | D:3      | Found a glowing golden altar of the Shining One.
  2273 | D:3      | Found a white marble altar of Elyvilon.
  2276 | D:3      | Found a radiant altar of Vehumet.
  2320 | D:3      | Noticed Jessica
  2327 | D:3      | Reached ** piety under Uskayaw
  2329 | D:3      | Killed Jessica
  2398 | D:3      | Reached XP level 6. HP: 27/32 MP: 7/7
  2834 | D:4      | Noticed a slave
  2834 | D:4      | Noticed a slave
  2834 | D:4      | Noticed Pikel
  2838 | D:4      | Noticed a slave
  2841 | D:4      | Noticed a slave
  2850 | D:4      | Slain by a slave

Vault maps used:
D:1:      shiori_shiawase
D:2:      brannock_xom_greatest_gift, uniq_terence
D:3:      lemuel_doored_altar, nicolae_overflow_crystal_walls, minitemple,
          serial_curves, eino_curves_02, eino_curves_01, eino_curves_02,
          nicolae_ru_the_path_less_chosen, uniq_jessica
D:4:      minmay_temple_entry_glassed_door, serial_shops, shop, first_ration,
          ashenzari_altar_1, uniq_grinder, uniq_pikel

Skill      XL: |  1  2  3  4 |
---------------+-------------+-----
Short Blades   | 3 4 |  4.4
Fighting       | 3 |  3.6
Armour         | 1 |  1.9
Dodging        | 3 |  3.3
Stealth        | |  2.4

Action                   |  1- 3 |  4- 6 || total
-------------------------+-------+-------++-------
Melee: Short sword       |   103 |   141 ||   244
       Bite              |    33 |    44 ||    77
  Use: Scroll            |     6 |     3 ||     9
 Stab: Sleeping          |     1 |       ||     1
  Eat: Chunk             |     1 |     5 ||     6
Armor: Scale mail        |    36 |    58 ||    94
Dodge: Dodged            |    58 |    89 ||   147

Table legend:
 A = Non-vault XP
 B = Vault XP
 C = Vault XP percentage of total XP
 D = Non-vault monster count
 E = Vault monster count
 F = Vault count percentage of total count
                 A         B        C        D         E       F
            +---------+---------+-------+---------+---------+-------
      Total |     331 |      73 |  18.1 |      57 |       2 |   3.4
            +---------+---------+-------+---------+---------+-------
        D:1 |      35 |       0 |   0.0 |      24 |       0 |   0.0
        D:2 |      29 |      36 |  55.4 |      14 |       1 |   6.7
        D:3 |     247 |      37 |  13.0 |      16 |       1 |   5.9
        D:4 |      20 |       0 |   0.0 |       3 |       0 |   0.0
            +---------+---------+-------+---------+---------+-------
